 Dungeon Crawl Stone Soup version 0.25-a0-346-g140ab784a8 (webtiles) character file.

Game seed: 10910407343742812081, levelgen mode: deterministic

8021 rose the Gouger (level 11, 0/50 HPs)
             Began as a Felid Venom Mage on Dec 31, 2019.
             Was an Elder of Makhleb.
             Slain by a centaur warrior (9 damage)
             ... on level 13 of the Dungeon.
             The game lasted 00:56:49 (20236 turns).

rose the Gouger (Felid Venom Mage)                 Turns: 20236, Time: 00:56:50

Health: 0/50       AC:  2    Str:  6    XL:     11   Next: 4%
Magic:  21/25      EV: 27    Int: 18    God:    Makhleb [****..]
Gold:   984        SH:  0    Dex: 17    Spells: 16/28 levels left
                                        Lives:  0   Deaths: 3

rFire    . . .     SeeInvis +     - Unarmed
rCold    . . .     Gourm    .   (shield unavailable)
rNeg     . . .     Faith    .   (armour unavailable)
rPois    .         Spirit   .   (helmet unavailable)
rElec    .         Reflect  .   (cloak unavailable)
rCorr    .         Harm     .   (gloves unavailable)
MR       +....                  (boots unavailable)
Stlth    +++.......             (no amulet)
HPRegen  0.16/turn              c - ring of flight
MPRegen  0.19/turn              l - +5 ring of evasion

@: studying Unarmed Combat, quick
A: very small, no armour, no weapons or thrown items, stealth, claws 1, fangs 3,
see invisible, carnivore, speed 1, shaggy fur 2, slow metabolism 1, sharp paws
a: Minor Destruction, Lesser Servant of Makhleb, Major Destruction, Renounce
Religion, Evoke Flight


You were on level 13 of the Dungeon.
You worshipped Makhleb.
Makhleb was greatly pleased with you.
You were full.

You visited 2 branches of the dungeon, and saw 14 of its levels.

You collected 984 gold pieces.

Inventory:

Jewellery
 c - a ring of flight (left paw)
 g - an uncursed ring of fire
 l - a +5 ring of evasion (right paw)
 x - an uncursed amulet of the acrobat {unknown}
 y - an uncursed ring of poison resistance {unknown}
 z - an uncursed amulet of faith {unknown}
Wands
 d - a wand of flame (4)
 h - a wand of iceblast (5)
 q - a wand of enslavement (12)
 A - a wand of polymorph (17)
 C - a wand of paralysis (8)
Scrolls
 a - 7 scrolls of teleportation
 e - 4 scrolls of remove curse
 i - 5 scrolls of identify
 o - 3 scrolls of blinking
 p - 2 scrolls of fear
 r - a scroll of noise
 s - a scroll of magic mapping
 t - a scroll of amnesia
Potions
 f - 4 potions of brilliance
 j - a potion of magic
 k - 2 potions of curing
 n - a potion of berserk rage
 u - 3 potions of ambrosia
 v - a potion of might
 w - 2 potions of haste
 B - 3 potions of lignification
Books
 m - a manual of Unarmed Combat
Comestibles
 b - 21 rations


   Skills:
 * Level 7.3 Fighting
 * Level 7.0 Dodging
 + Level 4.3 Stealth
 * Level 11.2 Unarmed Combat
 + Level 9.3 Spellcasting
 - Level 4.1 Conjurations
 - Level 3.0 Transmutations
 - Level 3.0 Air Magic
 + Level 4.2 Earth Magic
 - Level 7.0 Poison Magic
 * Level 5.7 Invocations
 + Level 1.8 Evocations


You had 16 spell levels left.
You knew the following spells:

 Your Spells              Type           Power        Failure   Level  Hunger
b - Poisonous Vapours     Pois/Air       ####..       1%          2    None
c - Passwall              Tmut/Erth      ###.....     2%          2    None
d - Stone Arrow           Conj/Erth      ###...       4%          3    None
e - Olgreb's Toxic Radia  Pois           ####....     4%          4    ###....
f - Sandblast             Erth           ###...       1%          1    None

Your spell library contained the following spells:

 Spells                   Type           Power        Failure   Level  Hunger
 Sting                    Tmut/Pois      ####         1%          1    None
 Mephitic Cloud           Conj/Pois/Air  ####....     3%          3    None
 Ignite Poison            Fire/Tmut/Pois ###.....     6%          3    None
 Corona                   Hex            #......      9%          1    None
 Dazzling Flash           Conj/Hex       ###...       11%         3    None
 Ensorcelled Hibernation  Hex/Ice        #.....       13%         2    None
 Petrify                  Tmut/Erth      ###.....     19%         4    ###....
 Confuse                  Hex            #.......     26%         3    None
 Tukima's Dance           Hex            #.......     26%         3    None
 Lee's Rapid Deconstruct  Erth           ###.......   38%         5    #####..


Dungeon Overview and Level Annotations

Branches:
Dungeon (13/15)            Temple (1/1) D:6            Lair (0/6) D:9
    Orc (0/2) D:9          Vaults (0/5) D:13

Altars:
Ashenzari
Cheibriados
Dithmenos
Elyvilon
Fedhas
Gozag
Hepliaklqana
Kikubaaqudgha
Makhleb
Nemelex Xobeh
Okawaru
Qazlal
Ru
Sif Muna
Trog
Uskayaw
Vehumet
Wu Jian
Xom
Yredelemnul
Zin
The Shining One

Shops:
D:7 [   D:9 :

Annotations:
D:3 exclusion: downstairs, Borgoz's ghost, amateur GrFi
D:4 exclusion: skeleton
D:5 exclusion: downstairs
D:6 Grinder
D:7 exclusion: 2 downstairs
D:8 exclusion: 2 downstairs
D:9 exclusion: downstairs
D:11 2 transporters, Borgoz's ghost, journeyman GrGl
D:12 exclusion: 2 molten gargoyles


Innate Abilities, Weirdness & Mutations

You cannot wear armour.
You are incapable of wielding weapons or throwing items.
Your paws allow you to move quietly. (Stealth)
You have sharp claws.
You have razor-sharp teeth.
You have supernaturally acute eyesight. (SInv)
You are carnivorous and can eat meat at any time.
You cover ground quickly.
You are covered in thick fur. (AC +2)
You have a slow metabolism.
Your sharp claws are effective at attacking unaware monsters.


Message History

Casting: Poisonous Vapours (safe; 1% risk of failure)
Confirm with . or Enter, or press ? or * to list all spells.
Aiming: Poisonous Vapours (safe; 1% risk of failure)
Press: ? - help, Dir - move target cursor, f/p - centaur warrior
Aim: a centaur warrior, quivering 15 arrows (moderately wounded) Poisonous vapours surround the centaur warrior!
The centaur warrior is engulfed in poison gas.
The centaur warrior is poisoned.
The centaur warrior hits you.
* * * LOW HITPOINT WARNING * * *
The centaur warrior looks even sicker.
The centaur warrior completely misses you.
Casting: Poisonous Vapours (safe; 1% risk of failure)
Confirm with . or Enter, or press ? or * to list all spells.
Aiming: Poisonous Vapours (safe; 1% risk of failure)
Press: ? - help, Dir - move target cursor, f/p - centaur warrior
Aim: a centaur warrior, quivering 15 arrows (heavily wounded, very poisoned) Poisonous vapours surround the centaur warrior!
The centaur warrior is engulfed in poison gas.
The centaur warrior looks even sicker.
The centaur warrior hits you!
You die...

#.##..#####.######
#.##....##........
#.#.##....##..######
#.#.##..............
#.#.##..####..######
#.#.##..# #........
#c#.##^## #.###....
#.#.### #.###.#.#
#.#@# #.#..>#..
#.c.# #...#####
#[..# ###...#..
##### #######.#.#
########### ### ###
#.........#
#...#.##..# #.###.#
#.#########
##..#.###.####.....#
#.# #.. #....#
#.......#### #.# #..
##[..# #####...# #.#
#.#


You could see a centaur warrior.

Vanquished Creatures
  Snorg (D:11)
  A hydra (D:13)
  2 two-headed ogres
  An ogre mage (D:13)
  A tengu warrior (D:9)
  A deep elf archer (D:13)
  An orc knight (D:13)
  4 deep elf magi
  An ugly thing (D:9)
  A manticore (D:11)
  A gargoyle (D:9)
  A kobold demonologist (D:13)
  2 hippogriffs
  5 yaks
  A spriggan (D:7)
  2 vampires
  A hungry ghost (D:11)
  2 basilisks (D:9)
  A steam dragon (D:10)
  2 water moccasins (D:9)
  3 porcupines (D:9)
  Duvessa (D:6)
  9 orc warriors
  A sky beast (D:8)
  A hornet zombie (D:13)
  A necrophage (D:6)
  8 ogres
  2 phantoms
  An eye of draining (D:10)
  5 centaurs
  2 crocodiles
  6 big kobolds
  4 bullfrogs
  A gnoll sergeant (D:4)
  Dowan (D:6)
  A water moccasin skeleton (D:11)
  5 scorpions
  6 killer bees (D:9)
  11 wights
  2 howler monkeys (D:8)
  2 crimson imps (D:8)
  A bullfrog zombie (D:6)
  A centaur zombie (D:11)
  6 jellies
  12 orc wizards
  3 centaur skeletons
  2 hounds (D:8)
  10 orc priests
  4 iguanas
  6 worker ants
  A worker ant zombie (D:5)
  14 gnolls
  7 adders
  2 shadow imps
  2 adder skeletons
  An adder zombie (D:7)
  5 worms
  2 dart slugs
  5 leopard geckos
  36 orcs
  4 giant cockroaches
  4 goblins
  6 hobgoblins
  5 quokkas
  5 bats (D:1)
  3 frilled lizards
  A jackal zombie (D:5)
  19 kobolds
  2 leopard gecko skeletons (D:6)
  A quokka skeleton (D:5)
  A quokka zombie (D:6)
  6 rats
282 creatures vanquished.

Vanquished Creatures (others)
  3 fungi (D:9)
  10 plants
13 creatures vanquished.

Grand Total: 295 creatures vanquished

Notes
Turn   | Place    | Note
-------+----------+-------------------------------------------
     0 | D:1      | rose the Felid Venom Mage began the quest for the Orb.
     0 | D:1      | Reached XP level 1. HP: 7/7 MP: 4/4
   517 | D:1      | Reached XP level 2. HP: 8/11 MP: 6/6
   530 | D:1      | Learned a level 2 spell: Poisonous Vapours
  1808 | D:2      | Reached skill level 1 in Unarmed Combat
  1808 | D:2      | Reached XP level 3. HP: 14/14 MP: 2/7
  2195 | D:2      | Found a white marble altar of Elyvilon.
  2548 | D:2      | Reached XP level 4. HP: 18/18 MP: 3/8
  3080 | D:3      | Reached skill level 1 in Air Magic
  3603 | D:4      | Reached XP level 5. HP: 21/21 MP: 4/9
  3658 | D:4      | Reached skill level 2 in Unarmed Combat
  3862 | D:4      | Noticed a phantom
  3884 | D:4      | Identified the cursed +0 trident "Cuasao Hutuo" {venom,
                  | Str+2 Int+4}
  3884 | D:4      | Identified the +5 ring mail of Tender Moments {Int+3}
  3939 | D:4      | Found a transporter.
  3939 | D:4      | Found a transporter.
  3950 | D:4      | Noticed Borgoz's ghost (amateur GrFi)
  3975 | D:4      | Reached skill level 1 in Fighting
  4084 | D:4      | Gained mutation: You are covered in thick fur. (AC +2)
                  | [Felid growth]
  4084 | D:4      | Reached XP level 6. HP: 2/25 MP: 0/11
  4090 | D:4      | Killed from afar by an orc wizard
  4091 | D:4      | Reached XP level 5. HP: 0/22 MP: 1/10
  5358 | D:4      | Learned a level 2 spell: Passwall
  5389 | D:4      | Reached XP level 6. HP: 25/25 MP: 6/11
  5704 | D:5      | Entered Level 5 of the Dungeon
  6031 | D:5      | Noticed an ice beast
  6303 | D:5      | Found a blossoming altar of Fedhas.
  6517 | D:5      | Reached skill level 1 in Earth Magic
  6631 | D:5      | Reached skill level 3 in Unarmed Combat
  6631 | D:5      | Reached XP level 7. HP: 5/29 MP: 3/13
  7082 | D:5      | Found a stormy altar of Qazlal.
  7154 | D:5      | Reached skill level 4 in Unarmed Combat
  7630 | D:6      | Noticed Duvessa
  7638 | D:6      | Killed Duvessa
  7666 | D:6      | Noticed Dowan
  8055 | D:6      | Found a shimmering altar of Xom.
  8175 | D:6      | Noticed Grinder
  8184 | D:6      | Learned a level 3 spell: Stone Arrow
  8493 | D:6      | Found a staircase to the Ecumenical Temple.
  8512 | Temple   | Entered the Ecumenical Temple
  8700 | Temple   | Became a worshipper of Makhleb the Destroyer
  8754 | D:6      | Reached skill level 1 in Conjurations
  8754 | D:6      | Reached XP level 8. HP: 33/33 MP: 15/15
  8788 | D:6      | Reached skill level 5 in Unarmed Combat
  8926 | D:6      | Learned a level 4 spell: Olgreb's Toxic Radiance
  8971 | D:6      | Reached skill level 6 in Unarmed Combat
  9197 | D:6      | Killed Dowan
  9504 | D:6      | Found a glowing silver altar of Zin.
  9547 | D:7      | Reached skill level 5 in Poison Magic
  9954 | D:7      | Reached skill level 7 in Unarmed Combat
  9973 | D:7      | Found a snail-covered altar of Cheibriados.
 10159 | D:7      | Found Jubismar's Antique Armour Shop.
 10506 | D:7      | Found an iron altar of Okawaru.
 10632 | D:7      | Reached * piety under Makhleb
 10993 | D:8      | Reached XP level 9. HP: 37/37 MP: 7/17
 11060 | D:7      | Reached skill level 5 in Spellcasting
 11662 | D:8      | Reached skill level 8 in Unarmed Combat
 11956 | D:8      | Reached skill level 1 in Invocations
 12032 | D:8      | Noticed a two-headed ogre
 12085 | D:8      | Killed a two-headed ogre
 12579 | D:8      | Reached XP level 10. HP: 42/42 MP: 5/19
 12719 | D:9      | Reached ** piety under Makhleb
 12726 | D:9      | Reached skill level 5 in Fighting
 13117 | D:9      | Found a stormy altar of Qazlal.
 13314 | D:9      | Noticed a gargoyle
 13320 | D:9      | Killed a gargoyle
 13386 | D:9      | Noticed a tengu warrior
 13406 | D:9      | Killed a tengu warrior
 13406 | D:9      | Reached skill level 9 in Unarmed Combat
 13572 | D:9      | Found a staircase to the Lair.
 13732 | D:9      | Learned a level 1 spell: Sandblast
 14152 | D:9      | Reached *** piety under Makhleb
 14278 | D:9      | Found Zomisal's Book Shoppe.
 14506 | D:9      | Found a staircase to the Orcish Mines.
 14817 | D:10     | Entered Level 10 of the Dungeon
 15046 | D:10     | Reached XP level 11. HP: 48/48 MP: 1/22
 15464 | D:10     | Noticed a white ugly thing
 15503 | D:9      | Killed a white ugly thing
 15503 | D:9      | Reached skill level 5 in Dodging
 16100 | D:11     | Reached skill level 10 in Unarmed Combat
 16130 | D:11     | Reached skill level 1 in Evocations
 16866 | D:11     | Found a transporter.
 16872 | D:11     | Noticed Borgoz's ghost (journeyman GrGl)
 16872 | D:11     | Noticed a two-headed ogre
 16877 | D:11     | Found a transporter.
 16881 | D:11     | Found a bloodstained altar of Trog.
 16881 | D:11     | Identified the +9 morningstar of Wenah {freeze, rC+ MP+9}
 16881 | D:11     | Noticed an orc knight
 17004 | D:11     | Reached **** piety under Makhleb
 17418 | D:11     | Noticed Snorg
 17485 | D:11     | Killed Snorg
 17485 | D:11     | Reached skill level 5 in Invocations
 18100 | D:12     | Noticed a deep elf mage
 18108 | D:12     | Killed from afar by a deep elf mage
 18109 | D:12     | Reached XP level 10. HP: -1/46 MP: 1/22
 18109 | D:12     | Killed a deep elf mage
 18790 | D:13     | Noticed an ogre mage
 18791 | D:13     | Noticed a two-headed ogre
 18791 | D:13     | Noticed a deep elf mage
 18793 | D:13     | Noticed a deep elf mage
 18796 | D:13     | Noticed a sun demon
 18808 | D:13     | Killed from afar by an ogre mage
 18809 | D:13     | Reached XP level 9. HP: -4/42 MP: 5/22
 18827 | D:13     | Killed an ogre mage
 18827 | D:13     | Reached XP level 10. HP: 46/46 MP: 23/23
 18828 | D:13     | Killed a deep elf mage
 19099 | D:13     | Noticed an orc knight
 19117 | D:13     | Killed an orc knight
 19117 | D:13     | Reached skill level 11 in Unarmed Combat
 19145 | D:13     | Noticed a deep elf mage
 19162 | D:13     | Killed a deep elf mage
 19436 | D:13     | Noticed a deep elf archer
 19442 | D:13     | Noticed a five-headed hydra
 19458 | D:13     | Killed a deep elf archer
 19616 | D:13     | Killed a five-headed hydra
 19787 | D:13     | Killed a deep elf mage
 19798 | D:13     | Killed a two-headed ogre
 19798 | D:13     | Reached XP level 11. HP: 46/50 MP: 2/25
 19960 | D:13     | Found a gate to the Vaults.
 20220 | D:13     | Noticed a centaur warrior
 20236 | D:13     | Slain by a centaur warrior

Levels and vault maps discovered:
D:1:      lemuel_arrival_room, layout_loops_ring, grunt_decor_one_mirror,
          kennysheep_boxes
D:2:      layout_basic, lemuel_coloured_pillars_altar, first_ration
D:3:      layout_loops_cross
D:4:      minmay_general_purpose_star, layout_basic,
          gammafunk_ghost_gnarly_gnolls
D:5:      layout_cave_pools, fedhas_altar_fruit_tree, grunt_qazlal_clouds
D:6:      layout_loops_corners, xom_teletrap_fun, zin_scriptorium,
          minmay_temple_entry_arrows, uniq_grinder, uniq_duvessa
D:7:      layout_gridville, cheibrodos_worm_habitat, okawaru_altar_gauntlet_db,
          serial_shops, shop, the_bakery
D:8:      layout_loops_cross, serial_glass, glass_columns_b, glass_columns_a
D:9:      layout_roguey, nicolae_overflow_crystal_walls,
          minmay_lair_entry_grove, david_orc_4, serial_shops, kennysheep_mini
D:10:     layout_cave_pools
D:11:     layout_small_grid, gammafunk_ghost_wrathful_warriors, uniq_snorg
D:12:     layout_loops_ring, minmay_splitting_lines, minivault_8
D:13:     mludivico_vault, layout_loops_ring,
          hangedman_vaults_entry_quadrant_bands
Temple:   regret_index_temple_generic_petals

Skill      XL: |  1  2  3  4  5  6  7  8  9 10 11 |
---------------+----------------------------------+-----
Poison Magic   | 3 4 5 6 7 |  7.0
Dodging        | 3 4 6 7 5 |  7.0
Unarmed Combat | 1 2 3 4 7 8 11 10 | 11.2
Stealth        | 3 4 |  4.3
Air Magic      | 1 2 3 |  3.0
Fighting       | 1 2 3 4 7 |  7.3
Spellcasting   | 3 4 5 9 |  9.3
Transmutations | 2 3 |  3.0
Earth Magic    | 1 2 3 4 |  4.2
Conjurations   | 1 2 3 4 |  4.1
Invocations    | 2 4 5 |  5.7
Evocations     | 1 |  1.8

Action                   |  1- 3 |  4- 6 |  7- 9 | 10-12 || total
-------------------------+-------+-------+-------+-------++-------
Melee: Unarmed           |    73 |    71 |   191 |   132 ||   467
       Bite              |     9 |     1 |    16 |     7 ||    33
       Punch             |     1 |     1 |     3 |     6 ||    11
 Cast: Sting             |     7 |     4 |    10 |       ||    21
       Poisonous Vapours |    20 |    66 |    95 |   180 ||   361
       Olgreb's Toxic Ra |       |       |     9 |    26 ||    35
       Stone Arrow       |       |       |     9 |    52 ||    61
Invok: Lesser Servant of |       |       |       |     2 ||     2
Evoke: Wand              |       |       |       |    25 ||    25
  Use: Potion            |       |     3 |       |     2 ||     5
       Scroll            |       |     3 |     2 |    14 ||    19
 Stab: Sleeping          |       |     2 |    11 |     2 ||    15
  Eat: Chunk             |    12 |    15 |    16 |    20 ||    63
Armor: Skin              |     3 |     3 |     4 |     5 ||    15
Dodge: Dodged            |    67 |    92 |   159 |   174 ||   492

Table legend:
 A = Non-vault XP
 B = Vault XP
 C = Vault XP percentage of total XP
 D = Non-vault monster count
 E = Vault monster count
 F = Vault count percentage of total count
                 A         B        C        D         E       F
            +---------+---------+-------+---------+---------+-------
      Total |   13507 |   10616 |  44.0 |     218 |      64 |  22.7
            +---------+---------+-------+---------+---------+-------
        D:1 |      17 |       0 |   0.0 |      11 |       0 |   0.0
        D:2 |      80 |       0 |   0.0 |      13 |       0 |   0.0
        D:3 |      78 |       0 |   0.0 |      13 |       0 |   0.0
        D:4 |     403 |     159 |  28.3 |      17 |       6 |  26.1
        D:5 |     527 |       0 |   0.0 |      15 |       0 |   0.0
        D:6 |     755 |     216 |  22.2 |      21 |       2 |   8.7
        D:7 |     383 |     254 |  39.9 |       9 |       8 |  47.1
        D:8 |    2543 |     450 |  15.0 |      35 |       3 |   7.9
        D:9 |    3174 |    2280 |  41.8 |      27 |      25 |  48.1
       D:10 |    1356 |       0 |   0.0 |      22 |       0 |   0.0
       D:11 |    1907 |    1117 |  36.9 |      22 |       1 |   4.3
       D:12 |    1162 |       0 |   0.0 |      10 |       0 |   0.0
       D:13 |    1122 |    6140 |  84.5 |       3 |      19 |  86.4
            +---------+---------+-------+---------+---------+-------
